Map: Backwater LE

Players

SortOf

  • Race: Zerg Zerg
  • Spawn Location: 11:00

Harstem - Winner!

  • Race: Protoss Protoss
  • Spawn Location: 5:00

Event: IEM Season 12 - Katowice

VOD

Have the link to the VOD?

Description

Time

  • Played on: Feb. 27, 2018, 9:11 a.m.
  • Length: 10:52

All games in this series

Show
View Real Time Build Order
Export as new Build Order

SortOf Zerg 

Build Orders: Hatch First, Lurkers 

Get SALT Encoding   

  12  0:01  Drone  
  13  0:13  Overlord  
  13  0:17  Drone  
  14  0:32  Drone x2  
  16  0:48  Hatchery  
  15  0:51  Drone  
  15  0:56  Drone  
  17  0:58  Drone  
  18  1:05  Extractor  
  17  1:15  Spawning Pool  
  16  1:19  Drone  
  16  1:22  Drone  
  18  1:28  Drone  
  19  1:39  Drone  
  20  1:49  Overlord  
  20  2:01  Queen x2  
  20  2:02  Zergling x4  
  26  2:09  Metabolic Boost  
  26  2:11  Drone  
  26  2:15  Drone  
  28  2:22  Drone x2  
  30  2:34  Overlord  
  30  2:37  Queen, Zergling x2  
  30  2:43  Zergling x2  
  34  2:49  Drone  
  34  2:50  Lair  
  35  3:00  Drone x2  
  37  3:06  Overlord  
  37  3:07  Drone  
  37  3:11  Drone x3  
  41  3:15  Drone  
  42  3:24  Drone  
  42  3:26  Queen  
  45  3:28  Spore Crawler  
  45  3:31  Extractor  
  45  3:32  Drone  
  45  3:33  Extractor  
  43  3:35  Drone  
  43  3:39  Drone  
  45  3:42  Drone  
  45  3:43  Drone  
  45  3:47  Drone x2  
  49  3:50  Hydralisk Den  
  49  3:52  Extractor  
  49  3:55  Overlord  
  47  3:56  Drone  
  47  4:00  Drone  
  49  4:04  Drone x2  
  52  4:10  Drone  
  52  4:11  Overlord  
  52  4:24  Hatchery  
  52  4:26  Muscular Augments  
  52  4:27  Drone  
  52  4:30  Lurker Den  
  51  4:32  Overseer  
  51  4:34  Drone  
  52  4:38  Drone x2  
  52  4:40  Drone  
  52  4:45  Drone x2  
  57  4:51  Hydralisk  
  59  4:53  Overlord  
  59  4:57  Overlord  
  59  5:08  Extractor  
  59  5:12  Hydralisk x4  
  66  5:16  Drone x2  
  66  5:17  Drone  
  66  5:19  Drone  
  66  5:20  Drone  
  71  5:23  Overseer  
  71  5:25  Hydralisk  
  71  5:27  Hydralisk  
  75  5:31  Overlord  
  75  5:34  Drone  
  76  5:39  Grooved Spines  
  76  5:41  Overlord  
  76  5:47  Overlord  
  76  5:49  Overlord  
  76  5:50  Hydralisk  
  76  5:52  Hydralisk  
  76  5:55  Hydralisk  
  82  6:00  Lurker x3  
  82  6:02  Lurker  
  86  6:04  Lurker  
  86  6:06  Drone x2  
  89  6:12  Hydralisk x2  
  93  6:21  Hydralisk x2  
  93  6:25  Drone x2  
  99  6:28  Extractor  
  99  6:31  Hydralisk  
  100  6:33  Lurker  
  100  6:34  Overlord  
  100  6:35  Zergling x4  
  100  6:37  Hydralisk  
  104  6:44  Hydralisk  
  104  6:45  Zergling x2  
  105  6:50  Zergling x2  
  102  6:56  Overlord  
  102  6:58  Drone x5  
  107  7:01  Zergling x4  
  107  7:02  Zergling x6  
  107  7:06  Drone x2  
  114  7:11  Spire  
  114  7:12  Overlord  
  113  7:16  Hydralisk  
  113  7:17  Hydralisk  
  117  7:25  Drone  
  117  7:26  Drone x2  
  120  7:30  Zergling x2  
  120  7:31  Zergling x10  
  126  7:39  Lurker x4  
  130  7:48  Hatchery  
  127  8:00  Overlord  
  127  8:01  Overlord x2  
  127  8:04  Drone x2  
  129  8:06  Overlord  
  129  8:09  Infestation Pit  
  129  8:12  Zergling x2  
  129  8:14  Overlord  
  129  8:18  Overlord  
  128  8:20  Evolution Chamber  
  128  8:24  Mutalisk x7  
  128  8:26  Mutalisk  
  141  8:29  Mutalisk  
  141  8:33  Lurker  
  146  8:36  Hydralisk, Zergling x4  
  146  8:39  Drone x2  
  146  8:41  Drone  
  153  8:43  Drone  
  154  8:49  Extractor  
  154  8:51  Extractor  
  154  8:54  Zergling x2  
  154  8:55  Zergling x14  
  157  8:57  Lurker x3  
  157  9:01  Hydralisk, Zergling x4  
  163  9:07  Hydralisk, Zergling x4  
  167  9:11  Hydralisk, Zergling x4  
  170  9:22  Hydralisk  
  170  9:23  Zergling x2  
  156  9:32  Hydralisk  
  156  9:33  Hydralisk  
  156  9:36  Hydralisk x2  
  156  9:37  Zergling x4  
  164  9:40  Hydralisk x2  
  164  9:41  Hydralisk x2  
  164  9:42  Hydralisk  
  162  9:45  Hydralisk  
  162  9:46  Zergling x2  
  157  9:53  Hydralisk x2  
  157  9:56  Hydralisk x3  
  157  9:57  Zergling x4  
  153  10:03  Hydralisk x2  
  155  10:11  Hydralisk x2, Zergling x2  
  116  10:21  Hydralisk x2  
  116  10:25  Hydralisk, Zergling x2  
  116  10:27  Hydralisk  
Show
View Real Time Build Order
Export as new Build Order

Harstem Protoss - Winner!

Build Orders: 1 Gate Expand, Oracle Opening, Archon Immortal 

Get SALT Encoding   

  12  0:00  Probe  
  13  0:12  Probe  
  14  0:18  Pylon  
  14  0:24  Probe  
  15  0:37  Gateway  
  15  0:38  Probe (Chrono Boost)  
  16  0:48  Probe (Chrono Boost), Assimilator  
  17  0:53  Probe (Chrono Boost)  
  18  1:05  Probe  
  19  1:24  Probe, Cybernetics Core  
  20  1:36  Probe  
  20  1:39  Nexus  
  21  1:46  Pylon  
  21  1:49  Probe  
  22  1:58  Assimilator  
  22  2:02  Adept (Chrono Boost)  
  22  2:05  Probe  
  25  2:17  Probe  
  25  2:21  Adept (Chrono Boost)  
  28  2:29  Probe, Stargate  
  29  2:42  Probe  
  30  2:52  Probe  
  30  2:54  Probe  
  30  2:55  Stalker  
  34  3:04  Probe  
  35  3:06  Probe  
  35  3:10  Oracle (Chrono Boost)  
  36  3:16  Probe  
  36  3:18  Probe  
  41  3:25  Pylon  
  41  3:27  Gateway  
  41  3:29  Probe  
  41  3:30  Probe  
  43  3:41  Probe, Oracle (Chrono Boost)  
  44  3:42  Probe  
  44  3:48  Pylon  
  48  3:53  Probe  
  48  3:54  Probe  
  50  4:02  Nexus  
  50  4:05  Probe  
  50  4:09  Probe, Phoenix (Chrono Boost)  
  54  4:17  Probe  
  54  4:20  Robotics Facility  
  54  4:21  Pylon  
  54  4:22  Probe  
  56  4:26  Warp Gate  
  56  4:29  Probe  
  56  4:30  Gateway  
  57  4:33  Assimilator  
  57  4:37  Assimilator  
  57  4:41  Probe  
  57  4:43  Probe  
  57  4:45  Zealot  
  63  4:48  Pylon  
  61  4:54  Probe  
  61  4:55  Pylon  
  61  4:59  Probe  
  63  5:04  Shield Battery  
  63  5:06  Probe, Forge  
  64  5:11  Probe  
  65  5:14  Robotics Bay  
  65  5:16  Robotics Facility  
  65  5:18  Probe  
  65  5:19  Probe  
  67  5:22  Observer (Chrono Boost)  
  67  5:26  Probe  
  69  5:30  Probe  
  69  5:34  Immortal (Chrono Boost)  
  70  5:40  Photon Cannon  
  70  5:42  Pylon  
  74  5:44  Zealot  
  76  5:50  Probe  
  76  5:51  Pylon  
  76  5:55  Photon Cannon  
  77  6:00  Shield Battery  
  77  6:02  Photon Cannon  
  77  6:03  Probe x2  
  77  6:04  Probe  
  80  6:06  Disruptor (Chrono Boost)  
  80  6:09  Disruptor (Chrono Boost)  
  86  6:14  Pylon  
  86  6:15  Probe x2  
  86  6:16  Probe  
  89  6:24  Protoss Ground Weapons Level 1  
  86  6:27  Probe x2  
  86  6:31  Zealot, Stalker  
  92  6:35  Probe  
  92  6:36  Assimilator  
  92  6:37  Disruptor (Chrono Boost)  
  94  6:40  Zealot, Assimilator  
  94  6:41  Pylon, Disruptor (Chrono Boost)  
  97  6:55  Zealot x2  
  97  6:56  Probe x2  
  97  6:59  Immortal (Chrono Boost)  
  97  7:00  Twilight Council  
  103  7:02  Gateway  
  103  7:03  Gateway  
  103  7:04  Probe  
  103  7:08  Zealot  
  110  7:19  Pylon  
  110  7:21  Immortal (Chrono Boost), Gateway  
  114  7:29  Probe  
  115  7:32  Photon Cannon  
  115  7:37  Charge (Chrono Boost)  
  115  7:40  Templar Archives  
  115  7:43  Pylon  
  115  7:45  Shield Battery  
  115  7:46  Shield Battery  
  115  7:55  Nexus  
  115  7:56  Immortal (Chrono Boost)  
  123  8:02  Probe  
  123  8:03  Zealot  
  123  8:04  Zealot  
  128  8:07  Sentry  
  130  8:15  Gateway  
  130  8:16  Gateway  
  130  8:18  Protoss Ground Weapons Level 2 (Chrono Boost)  
  130  8:19  Pylon  
  130  8:24  High Templar x2  
  130  8:27  High Templar  
  132  8:28  Zealot, High Templar  
  132  8:29  Archon  
  132  8:30  Probe  
  132  8:32  Pylon, Immortal (Chrono Boost)  
  132  8:33  Archon  
  137  8:36  Gateway  
  137  8:37  Gateway  
  137  8:38  Gateway  
  143  8:47  Probe x2, Warp Prism (Chrono Boost)  
  145  8:49  Pylon  
  145  8:52  Assimilator  
  145  8:56  Assimilator  
  145  9:09  Zealot x6  
  157  9:11  Probe, Photon Cannon  
  154  9:31  Immortal  
  149  9:32  Stalker x4  
  149  9:33  Phoenix (Chrono Boost), Stalker  
  150  9:43  Stalker  
  141  9:49  High Templar x2  
  134  9:54  Phoenix (Chrono Boost), Archon  
  134  9:58  Stalker x5  
  134  9:59  Stalker  
  141  10:02  Stalker  
  134  10:21  Probe x2  
  130  10:22  Stalker x2  
  123  10:32  Zealot x6  
  135  10:36  Probe  

Tags
 
Add a new tag
Caveats
  • Supply blocks, unpowered buildings, or Contaminate may cause inaccurate times.
  • Supply counts are checked every 10 seconds.